Map: Dusk Towers

Players

BigSword

  • Race: Zerg Zerg

LilDicky - Winner!

  • Race: Terran Terran
  • League: Diamond

VOD

http://www.twitch.tv/tumescentpie

Description

Time

  • Played on: Nov. 30, 2015, 8:18 a.m.
  • Length: 4:24
Show
View Real Time Build Order
Export as new Build Order

BigSword Zerg 

Build Orders:  

Get SALT Encoding   

Show
View Real Time Build Order
Export as new Build Order

LilDicky Terran - Winner!

Build Orders:  

Get SALT Encoding   

  12  0:01  SCV  
  13  0:13  SCV  
  14  0:18  Supply Depot  
  14  0:25  SCV  
  14  0:28  Refinery  
  15  0:39  SCV  
  16  0:47  Barracks  
  16  0:52  SCV  
  17  1:04  SCV  
  18  1:16  SCV  
  19  1:28  SCV  
  20  1:36  Supply Depot  
  20  1:39  Reaper  
  21  1:40  SCV  
  22  1:53  Command Center  
  23  1:57  Orbital Command  
  22  2:06  Supply Depot, Refinery  
  22  2:15  Marine  
  23  2:27  SCV  
  23  2:28  Factory  
  24  2:39  Barracks Tech Lab  
  24  2:41  SCV  
  25  2:55  SCV  
  26  3:08  Orbital Command  
  26  3:10  SCV  
  27  3:26  Siege Tank, Marine  
  31  3:30  SCV  
  31  3:33  Starport  
  31  3:34  Supply Depot  
  32  3:40  SCV  
  33  3:42  Command Center  
  33  3:48  SCV  
  33  3:50  Marine  
  33  3:55  SCV  
  36  4:00  SCV  
Tags
 
Add a new tag
Caveats
  • Supply blocks, unpowered buildings, or Contaminate may cause inaccurate times.
  • Supply counts are checked every 10 seconds.